 Seeded DCSS version 0.28-a0-664-gc179e30c89 (webtiles) character file.

Game seed: 12323924000522083971 (custom seed)

60 karkarkar the Covered (level 3, -1/33 HPs)
             Began as a Minotaur Fighter on Oct 15, 2021.
             Slain by Sigmund (6 damage)
             ... on level 2 of the Dungeon.
             The game lasted 00:02:30 (1402 turns).

karkarkar the Covered (Minotaur Fighter)            Turns: 1402, Time: 00:02:31

Health: -1/33      AC:  8    Str: 21    XL:     3   Next: 80%
Magic:  2/2        EV:  9    Int: 11    God:
Gold:   113        SH:  4    Dex:  9    Spells: 2/2 levels left

rFire   + . .      SeeInvis .   a - +0 war axe
rCold   . . .      Faith    .   c - +0 buckler
rNeg    . . .      Spirit   .   b - +0 scale mail
rPois   .          Reflect  .   (helmet restricted)
rElec   .          Harm     .   (no cloak)
rCorr   .          Rampage  .   (no gloves)
Will    .....                   f - +0 pair of boots
Stlth   ..........              (no amulet)
HPRegen 0.11/turn               e - ring "Buh Qeamue" {rF+ Int+6}
MPRegen 0.08/turn               (no ring)

@: attractive
A: horns 2, retaliatory headbutt
a: no special abilities


You were on level 2 of the Dungeon.
You visited 1 branch of the dungeon, and saw 2 of its levels.

You collected 113 gold pieces.

Inventory:

Hand Weapons
 a - a +0 war axe (weapon)
Armour
 b - a +0 scale mail (worn)
 c - a +0 buckler (worn)
 f - a +0 pair of boots (worn)
Jewellery
 e - the ring "Buh Qeamue" (left hand) {rF+ Int+6}
   (You acquired it on level 2 of the Dungeon)

   [ring of intelligence]

   Int:       It affects your intelligence (+6).
   rF:        It protects you from fire.
Scrolls
 i - a scroll of enchant weapon {unknown}
 l - a scroll of teleportation
 m - a scroll of fog {unknown}
Potions
 d - a potion of might


   Skills:
 + Level 4.1 Fighting
 + Level 3.0 Axes
 + Level 4.6 Armour
 + Level 4.1 Shields


You had 2 spell levels left.
You didn't know any spells.
Your spell library was empty.

Dungeon Overview and Level Annotations

Branches:
Dungeon (2/15)

Altars:

Shops:
D:1 =

Annotations:
D:2 1 runed translucent door, Crazy Yiuf, Sigmund


Innate Abilities, Weirdness & Mutations

You have a pair of horns on your head.
You reflexively headbutt those who attack you in melee.


Message History

The ball python constricts you.
You barely miss the ball python.
The ball python bites you but does no damage.
The ball python constricts you.
The ball python bites you but does no damage.
The ball python constricts you.
You barely miss the ball python.
The ball python bites you but does no damage.
The ball python constricts you. Something hits you!
You closely miss the ball python.
You feel less confused. The ball python bites you.
The ball python constricts you. Something hits you.
The ball python bites you but does no damage.
The ball python constricts you.
You escape the ball python's grasp.
You hit the ball python.
You kill the ball python!
It was a potion of flight.
You feel very buoyant.
You fly up into the air.
It was a potion of cancellation.
Your magical effects are unravelling.
You feel magically purged.
You float gracefully downwards.
You feel a little less mighty now.
It was a potion of attraction.
You feel attractive to monsters.
It was a potion of heal wounds.
You feel much better. Something is attracted toward you.
No target in view!
No target in view!
You miss something. Something hits you.
You closely miss something. Something hits you!
You hit something but do no damage. Something hits you!
You barely miss something. Something hits you.
* * * LOW HITPOINT WARNING * * *
You hit something but do no damage. You headbutt something!
You block something's attack. Something is attracted toward you.
Something hits you.
You die...

##.....#. .......
#.....# #.....# ###
#..#.# ..###ยง#.#
#.#.##.# #...#.###
#.@.....#
#...###.###########
#.......# #............
..###...###...#.#.##...
#...............###
###.#...........###
#.#.............#
#.###.##......#.# #.#
#.##........#


There were no monsters in sight!

Vanquished Creatures
  2 adders (D:2)
  2 adder zombies (D:1)
  A dart slug (D:1)
  10 ball pythons
  5 bats
  2 endoplasms
  3 goblins
  2 hobgoblins (D:1)
  2 kobolds (D:1)
  A frilled lizard (D:1)
  5 rats
35 creatures vanquished.

Vanquished Creatures (others)
  A fungus (D:1)
  2 plants (D:1)
3 creatures vanquished.

Grand Total: 38 creatures vanquished

Notes
Turn   | Place    | Note
-------+----------+-------------------------------------------
     0 | D:1      | karkarkar the Minotaur Fighter began the quest for the Orb.
     0 | D:1      | Reached XP level 1. HP: 19/19 MP: 0/0
    58 | D:1      | Reached XP level 2. HP: 25/27 MP: 1/1
   165 | D:1      | Found a faded altar of an unknown god.
   189 | D:1      | Found Iwnudyosch's Jewellery Boutique.
   507 | D:1      | Reached XP level 3. HP: 33/33 MP: 2/2
   858 | D:2      | Found a runed translucent door.
   859 | D:2      | Noticed Crazy Yiuf
   883 | D:2      | Identified a scroll of acquirement
   889 | D:2      | Acquired the ring "Buh Qeamue" {rF+ Int+6}
  1381 | D:2      | Noticed Sigmund
  1402 | D:2      | Slain by Sigmund

Illustrated notes

Levels and vault maps discovered:
D:1:      saegor_arrival_fortress, layout_basic,
          dreamdust_ecumenical_altar_grove, serial_shops, shop,
          minmay_misc_feat_alley, serial_bayou_pond_b, minmay_pentomino_q2
D:2:      layout_loops_ring, uniq_crazy_yiuf_cottage, uniq_sigmund

Skill      XL: |  1  2  3 |
---------------+----------+-----
Shields        | 4 |  4.1
Armour         | 4 |  4.6
Fighting       | 4 |  4.1
Axes           | 3 |  3.0

Action                   || total
-------------------------++-------
Melee: War axe           ||    72
       Headbutt          ||    11
  Use: Potion            ||     5
       Scroll            ||     3
Armor: Scale mail        ||    39
Dodge: Dodged            ||    35
Block: Buckler           ||    14

Table legend: (Time is in decaauts)
 A = Elapsed time spent in this place.
 B = Non-inter-level travel time spent in this place.
 C = Inter-level travel time spent in this place.
 D = Time resting spent in this place.
 E = Time spent auto-exploring this place.
 F = Levels seen in this place.
 G = Mean time per level.
                   A        B        C        D        E       F      G
               +--------+--------+--------+--------+--------+-----+--------+
         Total |   1427 |   1403 |     24 |      0 |   1144 |   2 |  713.5 |
       Dungeon |   1427 |   1403 |     24 |      0 |   1144 |   2 |  713.5 |
               +--------+--------+--------+--------+--------+-----+--------+

Top non-repeatable levels by time:
     D:1: 798 daAuts
     D:2: 629 daAuts
